 Dungeon Crawl Stone Soup version 0.28-a0-194-g42b4daccc1 (webtiles) character file.

Game seed: 14689433799885353282

60 Arne the Magician (level 4, -3/24 HPs)
             Began as a Tengu Hedge Wizard on Aug 18, 2021.
             Slain by a hobgoblin (6 damage)
             ... led by Robin
             ... on level 2 of the Dungeon.
             The game lasted 00:15:41 (1353 turns).

Arne the Magician (Tengu Hedge Wizard)              Turns: 1353, Time: 00:15:41

Health: -3/24      AC:  2    Str: 10    XL:     4   Next: 4%
Magic:  4/9        EV: 10    Int: 14    God:
Gold:   31         SH:  7    Dex: 15    Spells: 8/9 levels left

rFire   . . .      SeeInvis .   k - +0 dagger (speed)
rCold   . . .      Faith    .   l - +0 kite shield
rNeg    . . .      Spirit   .   b - +0 robe
rPois   .          Reflect  .   c - +0 hat
rElec   .          Harm     .   (no cloak)
rCorr   .          Rampage  .   (no gloves)
Will    .....                   (boots unavailable)
Stlth   ++........              (no amulet)
HPRegen 0.08/turn               (no ring)
MPRegen 0.11/turn               (no ring)

@: very slightly contaminated
A: beak, talons 3
a: no special abilities


You were on level 2 of the Dungeon.
You visited 1 branch of the dungeon, and saw 2 of its levels.

You collected 31 gold pieces.

Inventory:

Hand Weapons
 a - a +0 dagger
 e - a +0 spear
 k - a +0 dagger of speed (weapon)
Armour
 b - a +0 robe (worn)
 c - a +0 hat (worn)
 l - a +0 kite shield (worn)
Scrolls
 d - a scroll of holy word {unknown}
 f - a scroll of enchant weapon {unknown}
 i - a scroll of teleportation {unknown}
 j - a scroll of identify {unknown}
 m - a scroll of vulnerability {unknown}
Potions
 g - 2 potions of invisibility {unknown}
 h - a potion of mutation {unknown}


   Skills:
 + Level 0.9 Fighting
 + Level 2.8 Dodging
 + Level 2.9 Stealth
 - Level 3.2 Spellcasting
 + Level 2.6 Conjurations
 + Level 1.2 Summonings
 - Level 0.7 Translocations


You had 8 spell levels left.
You knew the following spells:

 Your Spells              Type           Power      Damage    Failure   Level
a - Magic Dart            Conj           36%        1d4       45%         1

Your spell library contained the following spells:

 Spells                   Type           Power      Damage    Failure   Level
 Call Imp                 Summ           5%         N/A       80%         2
 Blink                    Tloc           N/A        N/A       86%         2
 Slow                     Hex            2%         N/A       92%         2
 Conjure Flame            Conj/Fire      5%         6-21      95%         3
 Mephitic Cloud           Conj/Pois/Air  4%         N/A       97%         3


Dungeon Overview and Level Annotations

Branches:
Dungeon (2/15)

Altars:

Annotations:
D:2 Robin


Innate Abilities, Weirdness & Mutations

You have a beak for a mouth.
You have claws for feet.


Message History

The hobgoblin is severely wounded.
The hobgoblin closely misses you.
You completely miss the hobgoblin. Your kick misses the hobgoblin.
The hobgoblin is severely wounded.
You block the hobgoblin's attack.
You completely miss the hobgoblin. Your kick misses the hobgoblin.
The hobgoblin is severely wounded.
The hobgoblin hits you.
* * * LOW HITPOINT WARNING * * *
You hit the hobgoblin.
You kill the hobgoblin!
You have reached level 4!
You feel agile.
You hit the goblin. You claw the goblin.
You kill the goblin!
Robin throws the goblin at you! The goblin closely misses you.
You barely miss the goblin. You claw the goblin.
You kill the goblin!
A goblin and a hobgoblin come into view.
The hobgoblin no longer looks unusually strong. x2
Robin completely misses you.
A hobgoblin comes into view.
You see here a +0 dagger.
The hobgoblin shouts! x2
You hit Robin but do no damage. You claw Robin.
Robin is moderately wounded.
You hear a shout!
Robin hits you with a +0 spear.
* * * LOW HITPOINT WARNING * * *
Your shield prevents you from hitting Robin.
You peck Robin, but do no damage.
Robin is moderately wounded.
Robin roars a battlecry!
The hobgoblins go into a battle-frenzy!
You block the hobgoblin's attack. You block Robin's attack.
You hit the hobgoblin.
The hobgoblin is lightly wounded.
Robin throws the goblin at you! The hobgoblin hits you.
You die...

... g.. ..h #)#
.#.. #.. .h...
#g# ...### ##g#
.... ..#
#.######.#
#........#####.#
#.######gg@g...#
#.##############
#..........#
#.########.# #.#
#.# #.# #.# #.#
#.# #.# #.# #.#
#.#


You could see Robin, a hobgoblin (strong) and a goblin.

Vanquished Creatures
  2 adders (D:2)
  2 endoplasms
  A giant cockroach (D:1)
  9 goblins
  6 hobgoblins
  3 jackals (D:1)
  3 kobolds
  3 ball pythons
  A bat (D:1)
  4 frilled lizards (D:1)
  4 rats
38 creatures vanquished.

Notes
Turn   | Place    | Note
-------+----------+-------------------------------------------
     0 | D:1      | Arne the Tengu Hedge Wizard began the quest for the Orb.
     0 | D:1      | Reached XP level 1. HP: 10/10 MP: 5/5
   126 | D:1      | Reached XP level 2. HP: 5/15 MP: 7/7
   375 | D:1      | Found a faded altar of an unknown god.
   464 | D:1      | Reached XP level 3. HP: 4/20 MP: 6/8
  1335 | D:2      | Noticed Robin
  1347 | D:2      | Reached XP level 4. HP: 6/24 MP: 3/9
  1353 | D:2      | Slain by a hobgoblin

Illustrated notes

Levels and vault maps discovered:
D:1:      dpeg_arrival_circle_labyrinth_a, layout_basic,
          dreamdust_ecumenical_altar_hidden_monk_grotto, feat_on_display
D:2:      layout_loops_ring, serial_shops, shop_scrolls, minmay_misc_feat_five,
          uniq_jessica, uniq_terence, uniq_robin

Skill      XL: |  1  2  3 |
---------------+----------+-----
Conjurations   | 2 |  2.6
Fighting       | |  0.9
Dodging        | |  2.8
Stealth        | |  2.9
Spellcasting   | |  3.2
Summonings     | |  1.2
Translocations | |  0.7

Action                   |  1- 3 |  4- 6 || total
-------------------------+-------+-------++-------
Melee: Spear             |    45 |       ||    45
       Kick              |    14 |     3 ||    17
       Peck              |    12 |     1 ||    13
       Dagger            |    22 |     5 ||    27
 Cast: Magic Dart        |    22 |       ||    22
 Stab: Sleeping          |     4 |       ||     4
Armor: Robe              |     5 |     2 ||     7
Dodge: Dodged            |    19 |     2 ||    21
Block: Kite shield       |     7 |     2 ||     9

Table legend: (Time is in decaauts)
 A = Elapsed time spent in this place.
 B = Non-inter-level travel time spent in this place.
 C = Inter-level travel time spent in this place.
 D = Time resting spent in this place.
 E = Time spent auto-exploring this place.
 F = Levels seen in this place.
 G = Mean time per level.
                   A        B        C        D        E       F      G
               +--------+--------+--------+--------+--------+-----+--------+
         Total |   1354 |   1290 |     64 |      0 |    417 |   2 |  677.0 |
       Dungeon |   1354 |   1290 |     64 |      0 |    417 |   2 |  677.0 |
               +--------+--------+--------+--------+--------+-----+--------+

Top non-repeatable levels by time:
     D:1: 1099 daAuts
     D:2: 254 daAuts
